AoeStats
← eezzy

Arabia

508773964Analyzed
1v1 RM · 7d ago on Sep 24, 2026· 46m 55s· 2 players
Game mode
Random Map
Map size
Tiny (2 player)
Population
200
Speed
Normal
Resources
Standard
Victory
Conquest
Starting age
Dark Age
Ending age
Imperial Age
RankedLock teamsTeams togetherTeam positionsShared explorationLock speedFull tech treeHidden civsTurbo modeCheats
Victory
Defeat
🇸🇮 Burmese · Slovenia
523
+18
🇨🇴 Lithuanians · Colombia
563
-18
eezzy
12:34 Feudal Age
18:54 Castle Age
18:20 Horse Collar
20:14 Town Watch
21:11 Wheelbarrow
20:22 Loom
24:55 Fletching
26:06 Husbandry
29:24 Bodkin Arrow
29:40 Forging
29:53 Bloodlines
38:01 Imperial Age
39:00 Elite Arambai
41:45 Gold Mining
41:27 Pikeman
42:07 Squires
41:53 Arson
42:41 Manipur Cavalry
43:32 Elite Battle Elephant
JxRawII
10:21 Feudal Age
11:56 Feudal Age
20:23 Castle Age
19:43 Padded Archer Armor
19:43 Double-Bit Axe
22:30 Wheelbarrow
26:31 Horse Collar
28:37 Crossbowman
31:21 Bow Saw
31:47 Heavy Plow
32:14 Ballistics
33:26 Bloodlines
33:17 Husbandry
35:08 Fletching
42:50 Thumb Ring
47:26 Imperial Age
46:33 Forging
46:29 Scale Barding Armor
46:46 Hand Cart
49:03 Imperial Age
Connection lost

Rejoining the realm…

Still unreachable

The connection could not be restored.

Session expired

The server has moved on; the page needs a fresh start.